 Dungeon Crawl Stone Soup version 0.22.1-2-g9c5b331383 (webtiles) character file.

4497 Ihlosi the Skirmisher (level 10, 0/63 HPs)
             Began as a Kobold Gladiator on Dec 1, 2018.
             Was a Priest of Kikubaaqudgha.
             Slain by a two-headed ogre
             ... wielding a +0 giant club
              (7 damage)
             ... on level 10 of the Dungeon.
             The game lasted 00:33:49 (10260 turns).

Ihlosi the Skirmisher (Kobold Gladiator)           Turns: 10260, Time: 00:33:50

Health: 0/63       AC:  9    Str: 15    XL:     10   Next: 65%
Magic:  16/16      EV: 19    Int:  9    God:    Kikubaaqudgha [***...]
Gold:   387        SH:  0    Dex: 17    Spells: 13/17 levels left

rFire    . . .     SeeInvis .   a - +1 long sword
rCold    . . .     Gourm    .   (shield restricted)
rNeg     . . .     Faith    .   E - +3 leather armour
rPois    +         Spirit   .   c - +2 helmet
rElec    .         Reflect  .   (no cloak)
rCorr    .         Harm     .   (no gloves)
MR       .....                  (no boots)
Stlth    +++.......             e - amulet of magic regeneration
HPRegen  0.20/turn              O - +3 ring of slaying
MPRegen  0.40/turn              I - ring of poison resistance

@: very slightly contaminated
A: small, carnivore
a: Receive Corpses, Renounce Religion


You were on level 10 of the Dungeon.
You worshipped Kikubaaqudgha.
Kikubaaqudgha was most pleased with you.
You were completely stuffed.

You visited 2 branches of the dungeon, and saw 11 of its levels.

You collected 425 gold pieces.
You spent 38 gold pieces at shops.

Inventory:

Hand Weapons
 a - a +1 long sword (weapon)
 g - a +0 dagger of venom
 R - a +0 blowgun
Missiles
 n - 88 bolts
 M - 2 needles of paralysis
 N - 12 poisoned needles
Armour
 c - a +2 helmet (worn)
 w - the +0 plate armour of Gehenna {rPois Str+7 Slay-6}
   (You found it on level 4 of the Dungeon)

   It affects your strength (+7).
   It affects your accuracy and damage with ranged weapons and melee attacks
   (-6).
   It protects you from poison.
 E - a +3 leather armour (worn)
 U - a +0 troll leather armour
Magical Staves
 J - an uncursed staff of poison
Jewellery
 e - an amulet of magic regeneration (around neck)
 i - a +3 ring of strength
 v - a +6 ring of dexterity
 x - an uncursed ring of ice
 B - an uncursed ring of ice
 H - an uncursed ring of positive energy
 I - a ring of poison resistance (right hand)
 O - a +3 ring of slaying (left hand)
Wands
 D - a wand of random effects (73)
 K - a wand of polymorph (17)
 T - a wand of digging (11)
Scrolls
 b - 2 scrolls of amnesia
 d - a scroll of fog {unknown}
 k - 2 scrolls of immolation {unknown}
 l - 6 scrolls of remove curse
 m - a scroll of random uselessness {unknown}
 p - 4 scrolls of teleportation
 r - 5 scrolls of identify
 y - 3 scrolls of enchant weapon
 z - a scroll of noise {unknown}
 A - a scroll of blinking
 L - a scroll of enchant armour
Potions
 h - 2 potions of flight
 j - 2 potions of mutation
 o - 3 potions of degeneration
 q - 2 potions of invisibility
 s - a potion of might
 t - 2 potions of lignification
 C - a potion of experience {unknown}
 F - a potion of resistance {unknown}
 P - 2 potions of ambrosia {unknown}
 S - a potion of haste {unknown}
Comestibles
 f - 17 rations


   Skills:
 * Level 7.5 Fighting
 + Level 6.7 Long Blades
 - Level 2.1 Throwing
 * Level 2.6 Armour
 * Level 7.0 Dodging
 - Level 6.0 Stealth
 * Level 4.1 Spellcasting
 * Level 4.2 Necromancy
 * Level 5.8 Evocations


You had 13 spell levels left.
You knew the following spells:

 Your Spells              Type           Power        Failure   Level  Hunger
a - Pain                  Necr           #...         6%          1    #......
b - Vampiric Draining     Necr           #.........   17%         3    ###....

Your spell library contained the following spells:

 Spells                   Type           Power        Failure   Level  Hunger
 Corpse Rot               Necr           N/A          9%          2    ###....
 Sublimation of Blood     Necr           #.........   9%          2    ###....
 Agony                    Necr           #.......     85%         5    ######.
 Dispel Undead            Necr           #.......     85%         5    ######.
 Bolt of Draining         Conj/Necr      #.........   98%         5    ######.
 Borgnjor's Vile Clutch   Necr/Erth      #.........   98%         5    ######.
 Simulacrum               Ice/Necr       #.........   100%        6    #######


Dungeon Overview and Level Annotations

Branches:
Dungeon (10/15)            Temple (1/1) D:4             Orc (0/2) D:9
   Lair: D:8-11

Altars:
Ashenzari
Cheibriados
Dithmenos
Elyvilon
Fedhas
Gozag
Hepliaklqana
Kikubaaqudgha
Makhleb
Nemelex Xobeh
Okawaru
Qazlal
Ru
Sif Muna
Trog
Uskayaw
Vehumet
Wu Jian
Xom
Yredelemnul
Zin
The Shining One

Shops:
D:5 ?

Annotations:
D:5 5 runed doors
D:6 Eustachio, Menkaure


Innate Abilities, Weirdness & Mutations

You are small and have problems with some larger weapons.
You are carnivorous and can eat meat at any time.


Message History

The two-headed ogre is poisoned.
Evoke which item? (* to show all) (? for menu, Esc to quit)
Aiming: Random Effects
Press: ? - help, Shift-Dir - straight line, f - two-headed ogre
Aim: a two-headed ogre, wielding two giant clubs (poison gas, lightly wounded, The bolt of negative energy misses the two-headed ogre.
The two-headed ogre is engulfed in poison gas.
The two-headed ogre looks even sicker.
Evoke which item? (* to show all) (? for menu, Esc to quit)
Aiming: Random Effects
Press: ? - help, Shift-Dir - straight line, f/p - two-headed ogre
Aim: a two-headed ogre, wielding two giant clubs (poison gas, lightly wounded, The two-headed ogre flickers and vanishes!
Deactivating autopickup; reactivate with Ctrl-A.
Unknown command.
You hit something. Something hits you!
* * * LOW HITPOINT WARNING * * *
Something hits you!
You die...
Kikubaaqudgha rasps: "You have failed me!
Welcome... death!"

....T.#O# #.#
...##...#####.#
...###.#......# ...#
#.#.######
T..###.#.#####
........T%[..#
...##..#####.#
...##..#####§###########
...#c.......§§§{@......<
...#......##§####.#.....
####......##.# .# ###
#.......#.## .#
#..H......># .#
##........## .#
#.........# .#
##.......## .# #..<....#


There were no monsters in sight!

Vanquished Creatures
  An unseen horror (D:10)
  2 trolls (D:10)
  A wyvern (D:9)
  2 hungry ghosts
  A sky beast (D:7)
  3 orc warriors
  2 ogres
  4 centaurs
  A big kobold (D:9)
  5 bullfrogs
  A gnoll sergeant (D:5)
  2 scorpions
  5 killer bees
  6 howler monkeys
  2 crimson imps
  A bullfrog zombie (D:8)
  A quasit (D:8)
  4 orc priests
  2 hounds
  2 jellies
  A centaur skeleton (D:6)
  A bullfrog skeleton (D:4)
  11 orc wizards
  3 iguanas
  2 worker ants
  A hound zombie (D:7)
  A worker ant zombie (D:7)
  5 gnolls
  21 adders
  2 shadow imps
  An ooze (D:2)
  An adder skeleton (D:9)
  2 worms (D:2)
  5 leopard geckos
  30 orcs
  6 giant cockroaches
  8 hobgoblins
  16 jackals
  2 quokkas
  2 ball pythons
  11 bats
  8 frilled lizards
  6 goblins
  10 kobolds
  A quokka zombie (D:9)
  15 rats
220 creatures vanquished.

Notes
Turn   | Place    | Note
-------+----------+-------------------------------------------
     0 | D:1      | Ihlosi the Kobold Gladiator began the quest for the Orb.
     0 | D:1      | Reached XP level 1. HP: 12/12 MP: 1/1
   285 | D:1      | Reached XP level 2. HP: 12/17 MP: 2/2
   405 | D:1      | Reached skill level 1 in Stealth
   408 | D:1      | Reached XP level 3. HP: 17/22 MP: 3/3
   841 | D:2      | Reached XP level 4. HP: 18/27 MP: 4/4
  1202 | D:2      | Reached skill level 1 in Armour
  1469 | D:2      | Reached XP level 5. HP: 32/32 MP: 5/5
  2229 | D:3      | Reached skill level 1 in Evocations
  2505 | D:3      | Reached XP level 6. HP: 37/37 MP: 6/6
  2596 | D:4      | Found a staircase to the Ecumenical Temple.
  2602 | Temple   | Entered the Ecumenical Temple
  2780 | Temple   | Became a worshipper of Kikubaaqudgha
  2997 | D:4      | Noticed an ogre
  3009 | D:4      | Killed an ogre
  3170 | D:4      | Reached XP level 7. HP: 32/42 MP: 8/8
  3253 | D:4      | Got a translucent plate armour
  3264 | D:4      | Identified the cursed +0 plate armour of Gehenna {rPois
                  | Str+7 Slay-6} (You found it on level 4 of the Dungeon)
  3679 | D:5      | Entered Level 5 of the Dungeon
  3719 | D:5      | Found Vacwuet's Magic Scroll Boutique.
  3723 | D:5      | Bought a scroll of fear for 38 gold pieces
  3865 | D:5      | Noticed a soldier ant
  3868 | D:5      | Noticed a soldier ant
  3868 | D:5      | Noticed a soldier ant
  3869 | D:5      | Found a runed gate.
  3869 | D:5      | Noticed a soldier ant
  3869 | D:5      | Noticed a soldier ant
  4164 | D:5      | Found a runed door.
  4169 | D:5      | Found a runed door.
  4171 | D:5      | Found the +9 staff of Olgreb {rPois}
  4453 | D:5      | Found a runed gate.
  4453 | D:5      | Found a runed gate.
  4455 | D:5      | Noticed a soldier ant
  4560 | D:6      | Found an ornate altar of the Wu Jian Council.
  4562 | D:6      | Found a shadowy altar of Dithmenos.
  4565 | D:6      | Found a white marble altar of Elyvilon.
  4622 | D:6      | Noticed Menkaure
  4697 | D:6      | Reached * piety under Kikubaaqudgha
  4697 | D:6      | Identified Kikubaaqudgha's Incunabulum of Darkness
                  | (Kikubaaqudgha gifted it to you on level 6 of the Dungeon)
  4697 | D:6      | Received a gift from Kikubaaqudgha
  4841 | D:6      | Reached XP level 8. HP: 48/48 MP: 10/10
  4901 | D:6      | Noticed Eustachio
  4929 | D:6      | Found a hazy altar of Hepliaklqana.
  4930 | D:6      | Found a shimmering altar of Xom.
  4931 | D:6      | Noticed a spectral ugly thing
  5055 | D:6      | Reached skill level 5 in Stealth
  6027 | D:7      | Reached skill level 1 in Spellcasting
  6027 | D:7      | Reached skill level 1 in Necromancy
  6058 | D:7      | Reached skill level 5 in Long Blades
  6390 | D:7      | Reached skill level 5 in Fighting
  6583 | D:7      | Reached skill level 5 in Dodging
  6609 | D:7      | Reached XP level 9. HP: 7/54 MP: 10/12
  6866 | D:7      | Reached ** piety under Kikubaaqudgha
  7361 | D:7      | Learned a level 1 spell: Pain
  7365 | D:7      | Learned a level 3 spell: Vampiric Draining
  8115 | D:8      | Found a blossoming altar of Fedhas.
  8180 | D:8      | Reached skill level 5 in Evocations
  8249 | D:8      | Found a shadowy altar of Dithmenos.
  8459 | D:9      | Found a staircase to the Orcish Mines.
  8903 | D:9      | Reached XP level 10. HP: 22/61 MP: 13/15
  9960 | D:10     | Entered Level 10 of the Dungeon
 10145 | D:10     | Reached *** piety under Kikubaaqudgha
 10145 | D:10     | Identified Kikubaaqudgha's Reference Book on Sinister Magic
                  | (Kikubaaqudgha gifted it to you on level 10 of the Dungeon)
 10145 | D:10     | Received a gift from Kikubaaqudgha
 10228 | D:10     | Noticed a two-headed ogre
 10257 | D:10     | Killed an unseen horror
 10260 | D:10     | Slain by a two-headed ogre

Skill      XL: |  1  2  3  4  5  6  7  8  9 10 |
---------------+-------------------------------+-----
Stealth        | 1 2 3 4 6 |  6.0
Dodging        | 4 5 6 7 |  7.0
Long Blades    | 3 4 5 6 |  6.7
Armour         | 1 2 |  2.6
Fighting       | 3 4 5 6 7 |  7.5
Evocations     | 1 2 3 5 |  5.8
Spellcasting   | 2 3 4 |  4.1
Necromancy     | 2 3 4 |  4.2
Throwing       | |  2.1

Action                   |  1- 3 |  4- 6 |  7- 9 | 10-12 || total
-------------------------+-------+-------+-------+-------++-------
Melee: Long sword        |    61 |   184 |   362 |    54 ||   661
       Dagger            |       |       |    27 |       ||    27
Throw: Throwing net      |     2 |     1 |     1 |       ||     4
Evoke: Wand              |       |       |     7 |    11 ||    18
  Use: Potion            |     1 |     3 |     5 |     2 ||    11
       Scroll            |       |    11 |     5 |     3 ||    19
 Stab: Sleeping          |     1 |     6 |     5 |     1 ||    13
       Confused          |       |       |     2 |       ||     2
       Distracted        |       |       |     3 |       ||     3
       Held in net/web   |       |       |     1 |       ||     1
  Eat: Chunk             |     8 |     8 |    18 |     5 ||    39
Armor: Leather armour    |    21 |    47 |    94 |    21 ||   183
       Skin              |     3 |       |       |       ||     3
Dodge: Dodged            |    75 |   180 |   377 |    62 ||   694
       Rpst.: Long sword |    20 |    56 |   119 |    16 ||   211
